[Event "*** Titled Tuesday 3|2 Blitz"]
[Site "Chess.com"]
[Date "2015.08.04"]
[Round "2"]
[White "hermionegrangermagic"]
[Black "NowInChess"]
[Result "0-1"]
[WhiteElo "1983"]
[BlackElo "1970"]
[TimeControl "180+2"]
[EndTime "11:49:17 PDT"]
[Termination "NowInChess won by resignation"]

1. e4 e6 2. d4 d5 3. Nc3 Nc6 4. Nf3 Nf6 5. e5 Ne4 6. Bd3 Bb4 7. Bd2 Nxd2 8. Qxd2 f6 9. exf6 Qxf6 10. O-O O-O 11. a3 Bd6 12. Nb5 Bf4 13. Qe2 a6 14. Nc3 Nxd4 15. Nxd4 Qxd4 16. Rad1 Qe5 17. Qxe5 Bxe5 18.
Na4 Bd6 19. Rfe1 Bd7 20. Nc3 Rf6 21. Ne2 e5 22. c4 c6 23. cxd5 cxd5 24. Nc3 Bc6 25.
Bc2 Bc5 26. Rxe5 Rxf2 27. Rexd5 Bxd5 28. Rxd5 Rxc2+ 29. Rxc5 Re8 30. h3 Rxb2 31. Rc7 Rd8 32. a4 Rdd2 33. Rc8+ Kf7 34. Rc7+ Kg6 35. g4 Rg2+ 36.
Kh1 Rgc2 0-1

[Event "*** Titled Tuesday 3|2 Blitz"]
[Site "Chess.com"]
[Date "2015.08.04"]
[Round "2"]
[White "KyronGriffith"]
[Black "ViktoriaGloriam"]
[Result "1-0"]
[WhiteElo "2251"]
[BlackElo "2167"]
[TimeControl "180+2"]
[EndTime "11:49:28 PDT"]
[Termination "KyronGriffith won by resignation"]

1. e4 d5 2. exd5 Nf6 3. d4 Bg4 4. Be2 Bxe2 5. Qxe2 Qxd5 6. Nf3 Nc6 7. c4 Qf5 8. Nc3 O-O-O 9. Be3 e5 10. d5 Nb4 11.
O-O e4 12. Nd4 Qg4 13. Qxg4+ Nxg4 14. Nxe4 Re8 15. Ng5 h6 16. Nxf7 Rh7 17. a3 Nd3 18. h3 Nxe3 19. fxe3 Nxb2 20. Rac1 Bxa3 21. Rc3 Bc5 22.
Ne6 Na4 23. Rb3 g5 24. Ne5 Bd6 25. Nd3 Bg3 26. Ra1 Nb6 27. Rxa7 Rd7 28. Ndc5 Rd6 29. Rxb6 1-0

[Event "*** Titled Tuesday 3|2 Blitz"]
[Site "Chess.com"]
[Date "2015.08.04"]
[Round "2"]
[White "Quinten94"]
[Black "geeeeri"]
[Result "1-0"]
[WhiteElo "2232"]
[BlackElo "2193"]
[TimeControl "180+2"]
[EndTime "11:49:30 PDT"]
[Termination "Quinten94 won by resignation"]

1. e4 e6 2. d4 d5 3. Nd2 Nf6 4.
e5 Nfd7 5. Bd3 c5 6. c3 Nc6 7. Ngf3 Be7 8. O-O g5 9. dxc5 g4 10. Nd4 Ndxe5 11. Bb5 h5 12. Re1 Bd7 13. N2b3 Nxd4 14.
Qxd4 Bxb5 15. Rxe5 Bf6 16. Bg5 Bxg5 17. Rxg5 f6 18.
Rg7 e5 19. Qb4 Bc6 20. Na5 Rb8 21. Nxc6 bxc6 22. Qa4 Kf8 23. Qxa7 Qe8 24. b4 Rg8 25. Rh7 e4 26. Qc7 Rd8 27. a4 h4 28. a5 g3 29.
hxg3 hxg3 30. fxg3 e3 31. Rf1 1-0

[Event "*** Titled Tuesday 3|2 Blitz"]
[Site "Chess.com"]
[Date "2015.08.04"]
[Round "2"]
[White "MITerryble"]
[Black "Ar4uha"]
[Result "1-0"]
[WhiteElo "2591"]
[BlackElo "2398"]
[TimeControl "180+2"]
[EndTime "11:49:39 PDT"]
[Termination "MITerryble won by checkmate"]

1. d4 Nf6 2. Nf3 e6 3. c4 b6 4.
g3 Ba6 5. Qa4 c5 6. Bg2 Bb7 7.
dxc5 bxc5 8. O-O Be7 9. Rd1 O-O 10. Nc3 Qb6 11. Bf4 d6 12. Qb5 Qc7 13. Rd2 h6 14. Rad1 e5 15. Be3 Nc6 16. Qa4 a6 17. Ne1 Nd4 18.
Bxb7 Qxb7 19. f3 h5 20. Bg5 Rfb8 21. b3 Ne8 22. Bxe7 Qxe7 23. Nd5 Qg5 24. e3 Nf5 25.
Ng2 h4 26. g4 h3 27. gxf5 hxg2 28. Rxg2 Qh6 29. Kh1 Nf6 30. Rdg1 Nxd5 31. cxd5 Qxe3 32. Rxg7+ Kf8 33. Rxf7+ Kxf7 34. Qd7+ Kf8 35. Qxd6+ Kf7 36. Qe6+ Kf8 37. Rg8# 1-0

[Event "*** Titled Tuesday 3|2 Blitz"]
[Site "Chess.com"]
[Date "2015.08.04"]
[Round "2"]
[White "hansen"]
[Black "Bab3s"]
[Result "1-0"]
[WhiteElo "2469"]
[BlackElo "2119"]
[TimeControl "180+2"]
[EndTime "11:49:39 PDT"]
[Termination "hansen won by resignation"]

1. e4 e5 2. Nf3 Nc6 3. Bb5 Nf6 4. d3 Bc5 5. c3 O-O 6. O-O d6 7. h3 Bd7 8. Nbd2 a6 9. Ba4 Ba7 10. Re1 Re8 11. Nf1 Ne7 12. Bb3 h6 13. Ng3 Ng6 14. d4 Be6 15. Bc2 c6 16. Be3 d5 17. exd5 exd4 18. dxe6 dxe3 19. exf7+ Kxf7 20. Bxg6+ Kxg6 21. Qc2+ Kf7 22. fxe3 Rxe3 23. Rxe3 Bxe3+ 24. Kh1 Qc7 25. Nf5 Bf4 26. Re1 Re8 27. Qb3+ Kf8 28. Rxe8+ Nxe8 29. N3h4 Qf7 30. Qb4+ Bd6 31. Nxd6 Qf1+ 32. Kh2 c5 33. Qc4 Nxd6 34. Qxf1+ 1-0

[Event "*** Titled Tuesday 3|2 Blitz"]
[Site "Chess.com"]
[Date "2015.08.04"]
[Round "2"]
[White "GregShahade"]
[Black "Haykos"]
[Result "1-0"]
[WhiteElo "2312"]
[BlackElo "2175"]
[TimeControl "180+2"]
[EndTime "11:49:41 PDT"]
[Termination "GregShahade won by resignation"]

1. e4 Nf6 2. e5 Nd5 3. c4 Nb6 4. d4 d6 5. exd6 exd6 6. Nc3 Nc6 7. Nf3 Be7 8. h3 O-O 9. Bd3 d5 10. c5 Nc4 11. b3 N4a5 12. O-O Re8 13. Bf4 a6 14.
Rc1 b5 15. Re1 Nb7 16. Nxd5 Qxd5 17. Be4 Qd7 18. d5 Nxc5 19. dxc6 Qxd1 20. Rcxd1 Nxe4 21. Rxe4 Bf5 22. Re2 Bd6 23. Rxe8+ Rxe8 24. Bxd6 Rd8 25.
Re1 cxd6 26. Nd4 Be6 27. Nxe6 fxe6 28. Rxe6 Kf7 29. c7 Rc8 30. Rxd6 Rxc7 31. Rxa6 Rc1+ 32. Kh2 Rc3 33. f3 h5 34. Ra5 Rc2 35. Rxb5 Rxa2 36.
Rxh5 Rb2 37. Rb5 1-0

[Event "*** Titled Tuesday 3|2 Blitz"]
[Site "Chess.com"]
[Date "2015.08.04"]
[Round "2"]
[White "goldaxe"]
[Black "Sunil"]
[Result "1-0"]
[WhiteElo "2168"]
[BlackElo "1994"]
[TimeControl "180+2"]
[EndTime "11:49:42 PDT"]
[Termination "goldaxe won by resignation"]

1. e4 g6 2. d4 Bg7 3. Nf3 d6 4. Bc4 Nf6 5. Qe2 c6 6. e5 dxe5 7. dxe5 Nd5 8. h3 h6 9. O-O O-O 10. Rd1 Be6 11. Nd4 Qc8 12. Nxe6 Qxe6 13. f4 Na6 14. Bxa6 bxa6 15. Qxa6 Rfd8 16. Na3 Rd7 17. c4 Nb4 18. Qa4 Nd3 19. Qb3 Rad8 20. Be3 Qf5 21. Rf1 Qe4 22. Nc2 Nxe5 23. fxe5 Rd3 24. Qb4 Rxe3 25.
Nxe3 Qxe3+ 26. Kh1 Bxe5 27. Qxe7 Rf8 28. Rae1 Qd3 29.
Qxe5 Qxc4 30. a3 Qc2 31. Rf6 Qb3 32. Ref1 a5 33. Rxc6 a4 34. Rcf6 Qc4 35. Qf4 Qc2 36. Rf2 Qd1+ 37. Kh2 Qd3 38. Rxf7 1-0

[Event "*** Titled Tuesday 3|2 Blitz"]
[Site "Chess.com"]
[Date "2015.08.04"]
[Round "2"]
[White "drifblim"]
[Black "WanderingPuppet"]
[Result "1-0"]
[WhiteElo "2051"]
[BlackElo "2187"]
[TimeControl "180+2"]
[EndTime "11:49:56 PDT"]
[Termination "drifblim won by resignation"]

1. e4 c5 2. Nf3 d6 3. d4 cxd4 4. Nxd4 Nf6 5. Nc3 a6 6. Be3 e6 7.
Qd2 b5 8. f3 Nbd7 9. O-O-O Bb7 10. g4 h6 11. h4 b4 12. Nce2 d5 13. Bh3 dxe4 14. f4 Nd5 15. g5 Nc5 16. g6 f5 17. Kb1 Bc8 18. Nxf5 exf5 19. Qxd5 Qxd5 20. Rxd5 Bb7 21. Re5+ Kd7 22. Bxc5 Bxc5 23. Rxc5 Kd6 24.
Re5 Kc6 25. Bxf5 Kb6 26. Rd1 Rhd8 27. Rxd8 Rxd8 28. Kc1 a5 29. Bxe4 Bc8 30. f5 Rf8 31.
Nd4 Rd8 32. c3 bxc3 33. bxc3 Rd7 34. Bd5 Rc7 35. Kd2 Kc5 36. Ne6+ Bxe6 37. Bxe6+ Kd6 38. Rxa5 Ke7 39. Ra8 h5 40. a4 Kf6 41. Rf8+ Ke5 42. Rf7 Rc5 43. Rxg7 Kf4 44. Rd7 Ra5 45. g7 1-0

[Event "*** Titled Tuesday 3|2 Blitz"]
[Site "Chess.com"]
[Date "2015.08.04"]
[Round "2"]
[White "SenseiJulio"]
[Black "stefanodinn"]
[Result "1-0"]
[WhiteElo "2326"]
[BlackElo "2120"]
[TimeControl "180+2"]
[EndTime "11:49:57 PDT"]
[Termination "SenseiJulio won on time"]

1. e4 e5 2. Nf3 Nc6 3. g3 Nf6 4. d3 d5 5. exd5 Nxd5 6. Bg2 Be7 7. O-O O-O 8. Re1 Bd6 9. Ng5 Nf6 10. Nc3 h6 11.
Nge4 Nxe4 12. Bxe4 Bd7 13. Qh5 f5 14. Bg2 Qf6 15.
Nd5 Qf7 16. Qxf7+ Kxf7 17. c3 Rad8 18. b4 b6 19. a4 Rfe8 20. a5 Ne7 21. Ne3 Be6 22.
Bb2 g5 23. Nc4 Ng6 24. axb6 axb6 25. Nxd6+ Rxd6 26. Ra7 Re7 27. Bf1 Red7 28. c4 c5 29. bxc5 bxc5 30. Ra5 Rc6 31. Bxe5 f4 32. Bc3 f3 33. h3 h5 34. Ra8 g4 35. Kh2 Rb6 36.
Rc8 Rb3 37. Ba1 Rdxd3 38. Bxd3 Bxc8 39. Be4 1-0

[Event "*** Titled Tuesday 3|2 Blitz"]
[Site "Chess.com"]
[Date "2015.08.04"]
[Round "2"]
[White "tigertom4444"]
[Black "fancyknightmaneuvers"]
[Result "0-1"]
[WhiteElo "2423"]
[BlackElo "2179"]
[TimeControl "180+2"]
[EndTime "11:49:59 PDT"]
[Termination "fancyknightmaneuvers won by resignation"]

1. e4 e6 2. d4 d5 3. Nc3 Bb4 4. exd5 exd5 5. Bd3 Nc6 6. a3 Bxc3+ 7. bxc3 Nge7 8.
Qh5 Be6 9. Bg5 Qd7 10. h3 O-O-O 11. Ne2 f6 12. Bd2 Bf5 13. Qf3 Bxd3 14. Qxd3 Nf5 15.
Rb1 Nd6 16. O-O g5 17. Ng3 h5 18. Rfe1 h4 19. Nf1 g4 20. Bf4 Nc4 21. hxg4 Qxg4 22. Qh3 Qxh3 23. gxh3 Nxa3 24. Rb3 Nc4 25. Re6 Rhg8+ 26.
Kh2 Rdf8 27. Rb5 Kd7 28. Re1 Nb6 29. Ne3 a6 30. Rbb1 Re8 31. Rg1 Na5 32. Rxg8 Rxg8 33.
Ng4 Rf8 34. Nh6 Nac4 35. Rg1 a5 36. Rg7+ Kc6 37. Rxc7+ Kb5 38. Nf5 a4 39. Rc5+ Ka6 40. Nd6 a3 41. Nxc4 Nxc4 42. Rxd5 a2 0-1

[Event "*** Titled Tuesday 3|2 Blitz"]
[Site "Chess.com"]
[Date "2015.08.04"]
[Round "2"]
[White "pKiLz5Rn9b"]
[Black "petrpalachev"]
[Result "1/2-1/2"]
[WhiteElo "2395"]
[BlackElo "2349"]
[TimeControl "180+2"]
[EndTime "11:50:05 PDT"]
[Termination "Game drawn by agreement"]

1. e4 c6 2. d4 d5 3. Nc3 dxe4 4. Nxe4 Nd7 5. Nf3 Ngf6 6. Nxf6+ Nxf6 7. Bd3 Bg4 8. c3 Bxf3 9. Qxf3 Qd5 10. Qxd5 Nxd5 11. a3 e6 12. Ke2 Bd6 13. g3 O-O 14. Bd2 Rfe8 15. Rae1 e5 16. dxe5 Rxe5+ 17. Kd1 Rae8 18. Kc2 Rxe1 19. Rxe1 Rxe1 20. Bxe1 g6 21. c4 Nc7 22. b4 c5 23. Bc3 b6 24. Be4 h5 25.
h3 Kf8 26. Kb3 Ke7 27. g4 hxg4 28. hxg4 Ke6 29. f3 Ke7 30. Be1 Ne6 31. Bc3 Nd4+ 32. Ka4 Kd8 33. Bd5 f6 34. Be4 g5 35. Bxd4 cxd4 36. Kb3 a5 37. Ka4 axb4 38. axb4 Kc7 39. Kb5 Be5 40. Ka6 Bd6 41. Kb5 Be5 42. Ka4 Kd6 43.
Kb3 Kc7 44. c5 bxc5 45. bxc5 d3 46. Bxd3 Bd4 47. Kc4 Ba1 48. Be4 Be5 49. Kd5 Kc8 50. Kc6 Kb8 51. Kd7 Bc7 52. Ke7 Be5 53. Kd8 Bc7+ 54. Kd7 Be5 55. Bd5 Bc7 56. Ke6 Be5 57. f4 Bxf4 58. Kxf6 Kc7 59. Ke6 Be3 60. c6 Bf4 61. Kf5 Be3 62. Ke6 Bf4 63. Kf5 1/2-1/2

[Event "*** Titled Tuesday 3|2 Blitz"]
[Site "Chess.com"]
[Date "2015.08.04"]
[Round "2"]
[White "michaelk123"]
[Black "CraiggoryC"]
[Result "1-0"]
[WhiteElo "2009"]
[BlackElo "2016"]
[TimeControl "180+2"]
[EndTime "11:50:10 PDT"]
[Termination "michaelk123 won by resignation"]

1. e4 e6 2. d4 d5 3. Nd2 Be7 4. e5 c5 5. Qg4 Kf8 6. Ndf3 Nc6 7. Bd3 h5 8. Qg3 cxd4 9. Ne2 Nh6 10. Nexd4 Nb4 11.
Qf4 Nxd3+ 12. cxd3 Bd7 13. Bd2 Rc8 14. O-O Rg8 15.
Ng5 Bxg5 16. Qxg5 Qxg5 17. Bxg5 Ng4 18. Rac1 Nxe5 19. Rxc8+ Bxc8 20. Rc1 Bd7 21. Rc7 f6 22. Bf4 Nc6 23. Rxd7 Nxd4 24. Bd6+ Ke8 25. Re7+ Kd8 26. Rxb7 Nc6 27. b4 a6 28. Rc7 Ne5 29. Ra7 Re8 30.
Bxe5 fxe5 31. Rxg7 Re7 32. Rxe7 Kxe7 33. Kf1 Kd7 34.
Ke2 Kc6 35. a4 Kb6 36. h3 Kc6 37. g4 hxg4 38. hxg4 Kd7 39. g5 1-0

[Event "*** Titled Tuesday 3|2 Blitz"]
[Site "Chess.com"]
[Date "2015.08.04"]
[Round "2"]
[White "Janosik"]
[Black "Keranke"]
[Result "1-0"]
[WhiteElo "2548"]
[BlackElo "2543"]
[TimeControl "180+2"]
[EndTime "11:50:15 PDT"]
[Termination "Janosik won by resignation"]

1. Nf3 d5 2. d4 Nf6 3. c4 c6 4. e3 Bf5 5. Nc3 e6 6. Nh4 Bg6 7. Nxg6 hxg6 8. Bd3 Bd6 9. h3 Nbd7 10. O-O Qe7 11. Bd2 dxc4 12. Bxc4 e5 13. Qc2 e4 14.
f3 exf3 15. Rxf3 g5 16. Qf5 Rh5 17. g4 g6 18. Qd3 Rh4 19. Be1 Rh7 20. e4 O-O-O 21.
Qf1 Bf4 22. e5 Ne8 23. Ne4 f5 24. Nf2 Nc7 25. Rd1 fxg4 26. Nxg4 Nxe5 27. Rxf4 Nxc4 28. Rf2 Ne3 29. Qe2 Ncd5 30. Nxe3 Qxe3 31. Qxe3 Nxe3 32. Rd3 Rxh3 33. Re2 Re8 34. Bf2 Reh8 35. Rdxe3 Rh1+ 36. Kg2 R8h2+ 37. Kg3 Kc7 38. Kg4 Rg2+ 39. Bg3+ Rxg3+ 40.
Rxg3 Rd1 41. Kxg5 Rd3 42. Rxd3 1-0

[Event "*** Titled Tuesday 3|2 Blitz"]
[Site "Chess.com"]
[Date "2015.08.04"]
[Round "2"]
[White "ajkom197"]
[Black "Fh2411"]
[Result "0-1"]
[WhiteElo "2256"]
[BlackElo "2151"]
[TimeControl "180+2"]
[EndTime "11:50:15 PDT"]
[Termination "Fh2411 won by resignation"]

1. d4 d5 2. Bf4 c5 3. c3 Nc6 4. e3 cxd4 5. exd4 Bf5 6. Nd2 e6 7. Ngf3 h6 8. h3 Nf6 9. Be2 Bd6 10. Bxd6 Qxd6 11. O-O O-O 12. Re1 Rab8 13. Bb5 Nd7 14.
Qe2 a6 15. Bd3 Bxd3 16. Qxd3 b5 17. b4 a5 18. a3 a4 19. Re3 Rfc8 20. Rae1 Ne7 21.
Ne5 Nxe5 22. Rxe5 Rc6 23. Nf3 Qc7 24. Rc1 Nf5 25. g4 Nd6 26. Re2 Ne4 27. Rec2 Rc8 28. Qxb5 Nxc3 29. Qd3 Ne2+ 30. Rxe2 Rxc1+ 31. Kg2 Rc3 32.
Qb5 Rxa3 33. Ne5 Rb8 34. Qa6 Rxb4 35. Nc6 Rb6 36. Qa8+ Kh7 37. Ne5 Rb7 38. Qf8 Qe7 39.
Qc8 Rab3 40. Ra2 a3 41. Qc2+ g6 42. Qc6 Rb2 43. Ra1 a2 44. Qa4 Qf6 45. Nf3 R7b3 46. Rxa2 Qxf3+ 47. Kh2 Qxf2+ 0-1

[Event "*** Titled Tuesday 3|2 Blitz"]
[Site "Chess.com"]
[Date "2015.08.04"]
[Round "2"]
[White "BIG_Pirate"]
[Black "chessking2151"]
[Result "1-0"]
[WhiteElo "2267"]
[BlackElo "2001"]
[TimeControl "180+2"]
[EndTime "11:50:18 PDT"]
[Termination "BIG_Pirate won by resignation"]

1. Nf3 Nf6 2. c4 c5 3. Nc3 Nc6 4. g3 g6 5. Bg2 Bg7 6. O-O O-O 7.
a3 d6 8. Rb1 a5 9. d3 Bg4 10.
Ne1 Qc8 11. Nc2 Nd7 12. Re1 Ra6 13. Bd2 Nd4 14. Ne3 Be6 15. Ncd5 Re8 16. b4 Bxd5 17. Nxd5 e6 18. Nc3 axb4 19. axb4 Ra3 20. Ne4 Qc7 21.
bxc5 dxc5 22. Nc3 Rxc3 23. Bxc3 Nxe2+ 24. Rxe2 Bxc3 25. Rxb7 Qd6 26. Qa4 Rd8 27. Re3 Bd4 28. Re2 Ne5 29. Qc2 Ba1 30. Re1 Bd4 31.
Reb1 Nxd3 32. Rf1 Ne5 33. h3 Rd7 34. Rxd7 Qxd7 35. Kh2 f6 36. f4 Nf7 37. Qe4 Qe7 38. Rb1 Kg7 39. Rb7 Qf8 40. Qxe6 Kg8 41. Bd5 h6 42.
Rxf7 1-0

[Event "*** Titled Tuesday 3|2 Blitz"]
[Site "Chess.com"]
[Date "2015.08.04"]
[Round "2"]
[White "lukas_111111"]
[Black "MFBerna"]
[Result "0-1"]
[WhiteElo "2212"]
[BlackElo "2093"]
[TimeControl "180+2"]
[EndTime "11:50:18 PDT"]
[Termination "MFBerna won by resignation"]

1. d4 d5 2. c4 e6 3. Nf3 Be7 4.
Nc3 Nf6 5. Bf4 O-O 6. e3 Nbd7 7. c5 Nh5 8. Bd3 Nxf4 9. exf4 b6 10. b4 a5 11. a3 c6 12. O-O Ba6 13. g3 Bxd3 14.
Qxd3 g6 15. Ne5 Nxe5 16. fxe5 Qc7 17. Na4 b5 18. Nc3 Ra7 19. Qc2 axb4 20. axb4 Rfa8 21. Qb2 Ra6 22. Rxa6 Rxa6 23. Ra1 Qa7 24. Rxa6 Qxa6 25. f4 Bf8 26. Qa2 Qxa2 27. Nxa2 Be7 28. Nc1 Kf8 29.
Nb3 Ke8 30. Na5 Kd7 31. Nb7 f5 32. Nd6 g5 33. h3 gxf4 34. gxf4 Bh4 35. Nf7 Be1 36.
Ng5 h5 37. Nh7 Bxb4 38. Nf6+ Ke7 39. Nxh5 Bc3 40. Ng3 Bxd4+ 41. Kg2 b4 42. Nf1 Bc3 43. Ne3 b3 44. Nd1 Bd4 0-1

[Event "*** Titled Tuesday 3|2 Blitz"]
[Site "Chess.com"]
[Date "2015.08.04"]
[Round "2"]
[White "GMHess"]
[Black "Storne89"]
[Result "0-1"]
[WhiteElo "2526"]
[BlackElo "2439"]
[TimeControl "180+2"]
[EndTime "11:50:24 PDT"]
[Termination "Storne89 won by resignation"]

1. c4 e5 2. Nc3 Nc6 3. Nf3 Nf6 4. e3 Bb4 5. Qc2 O-O 6. Nd5 a5 7. a3 Bc5 8. Ng5 g6 9. h4 d6 10. h5 Nxd5 11. Nxh7 Ndb4 12. axb4 Nxb4 13. Qd1 Bf5 14. d3 Kxh7 15. e4 Qf6 16. hxg6+ Kg8 17. g7 Kxg7 18. Bh6+ Kg8 19. exf5 Qxf5 20. Qd2 Rfe8 21. Rh3 Re6 22. Be2 Qxf2+ 23. Kd1 Qg1+ 24. Qe1 Qxe1+ 25. Kxe1 Nc2+ 26.
Kd2 Nxa1 27. Bg4 Rg6 28. Bf5 Rxg2+ 29. Kd1 Nb3 30. Be4 Rg1+ 31. Ke2 Nd4+ 32. Kd2 c6 33.
Be3 Rg4 34. Bh7+ Kf8 35. Bh6+ Ke7 36. Be4 f5 37. Bh1 Kf7 38. Be3 Rag8 0-1

[Event "*** Titled Tuesday 3|2 Blitz"]
[Site "Chess.com"]
[Date "2015.08.04"]
[Round "2"]
[White "ChessWarrior7197"]
[Black "LyonBeast"]
[Result "0-1"]
[WhiteElo "2449"]
[BlackElo "2695"]
[TimeControl "180+2"]
[EndTime "11:50:34 PDT"]
[Termination "LyonBeast won by resignation"]

1. e4 c5 2. Nf3 d6 3. d4 cxd4 4. Nxd4 Nf6 5. Nc3 a6 6. Be2 e5 7. Nb3 Be7 8. O-O O-O 9. a4 Be6 10. Be3 Nc6 11. f3 d5 12. exd5 Nxd5 13. Nxd5 Bxd5 14.
Nc5 Nd4 15. Bxd4 exd4 16. Qxd4 Rc8 17. b4 Bf6 18. Qf4 Bxa1 19. Rxa1 Qe7 20. Qd2 Rfd8 21. Bd3 a5 22. Re1 Qh4 23. c3 axb4 24. cxb4 Qd4+ 25.
Kh1 Bc4 26. Re4 Qa1+ 27. Re1 Qf6 28. Qe2 Bxd3 29. Nxd3 Qa6 30. b5 Qxa4 31. Nc5 Qa7 32.
Nd7 Qd4 33. Ne5 Re8 34. h3 h6 35. Qe4 Qxe4 36. Rxe4 f6 37. Nd7 Rxe4 38. fxe4 Rc4 39. Kh2 Rxe4 40. Nc5 Re5 41. Nxb7 Rxb5 42. Nd6 Re5 43.
Nc4 Re2 44. Kg3 Rc2 45. Ne3 Rc3 46. Kf4 Kf7 47. h4 h5 48. g3 Ke6 49. Ke4 Rxe3+ 50. Kxe3 Ke5 51. Kf3 Kf5 52. Kf2 Kg4 53. Kg2 g6 54.
Kf2 Kh3 55. Kf3 g5 56. hxg5 fxg5 57. Kf2 g4 0-1

[Event "*** Titled Tuesday 3|2 Blitz"]
[Site "Chess.com"]
[Date "2015.08.04"]
[Round "2"]
[White "Chesseducation4u"]
[Black "wonderfultime"]
[Result "1-0"]
[WhiteElo "2474"]
[BlackElo "2635"]
[TimeControl "180+2"]
[EndTime "11:50:42 PDT"]
[Termination "Chesseducation4u won by resignation"]

1. Nf3 d5 2. g3 Nf6 3. Bg2 Bf5 4. c4 c6 5. cxd5 cxd5 6. Qb3 Bc8 7. Nc3 Nc6 8. O-O e6 9. d3 Be7 10. Bf4 O-O 11.
Rac1 Nd7 12. Be3 a6 13. Na4 Re8 14. Nb6 Nxb6 15. Bxb6 Qd6 16. e4 Bf6 17. Rfe1 dxe4 18. dxe4 e5 19. Bc5 Qc7 20. Bb6 Qb8 21. Bf1 Be6 22. Bc4 a5 23. Bxe6 Rxe6 24. Qb5 h6 25. Rcd1 a4 26. Rd5 a3 27. b3 Ne7 28. Rd7 Qc8 29. Rd8+ Qxd8 30. Bxd8 Rxd8 31. Qa5 Rd3 32. Kg2 Ra6 33. Qb5 Rc6 34. Qxd3 Kh7 35. Qb5 Rc2 36. Re2 Rc3 37. Qxb7 Nc6 38. Qb6 h5 39. h4 Rc1 40.
Qa6 Be7 41. Qb7 1-0

[Event "*** Titled Tuesday 3|2 Blitz"]
[Site "Chess.com"]
[Date "2015.08.04"]
[Round "2"]
[White "Yaacovn"]
[Black "GMG"]
[Result "0-1"]
[WhiteElo "2540"]
[BlackElo "2402"]
[TimeControl "180+2"]
[EndTime "11:50:42 PDT"]
[Termination "GMG won by resignation"]

1. d3 d5 2. Nf3 Nf6 3. Nbd2 Nc6 4. e4 e5 5. a3 a5 6. Be2 Bc5 7. O-O O-O 8. c3 Ba7 9. a4 Re8 10. h3 h6 11. Qc2 Be6 12. exd5 Bxd5 13. Ne4 Nd7 14. Ng3 Nc5 15. Ra3 Qd7 16. Be3 e4 17.
dxe4 Nxe4 18. Bxa7 Nxg3 19. fxg3 Rxa7 20. Bb5 Raa8 21. Raa1 Qe7 22. Rae1 Qc5+ 23. Qf2 Qxf2+ 24. Kxf2 Kf8 25. Rxe8+ Rxe8 26. Nd4 Rb8 27. Rd1 Nxd4 28. Rxd4 c6 29. Be2 Ke7 30. Bf3 Be6 31. Ke3 Ra8 32.
g4 g5 33. Be2 c5 34. Re4 Rd8 35. Bc4 Rd6 36. Bxe6 fxe6 37. Rc4 b6 38. Ke2 Kf6 39. Re4 Rd5 40. c4 Rd4 41. Kf3 e5 42. b3 Ke6 43. g3 Kd6 44. Re2 Ke6 45. Re1 Rd3+ 46. Re3 Rd2 47. Re2 Rd1 48. Ke3 Rb1 49. h4 Rxb3+ 50.
Kf2 Rb4 51. Rd2 Rxc4 52. Kf3 Rxa4 53. h5 e4+ 54. Ke3 Rd4 55. Rb2 Rb4 56. Rd2 a4 57.
Rd8 a3 58. Ra8 c4 59. Kxe4 b5 60. Ra6+ Kf7 61. Ra7+ Ke8 62. Kd5 Ra4 0-1

[Event "*** Titled Tuesday 3|2 Blitz"]
[Site "Chess.com"]
[Date "2015.08.04"]
[Round "2"]
[White "stepanosinovsky"]
[Black "alturas_pacificas"]
[Result "1/2-1/2"]
[WhiteElo "2272"]
[BlackElo "2086"]
[TimeControl "180+2"]
[EndTime "11:50:46 PDT"]
[Termination "Game drawn by stalemate"]

1. e4 c6 2. d3 d5 3. Nd2 dxe4 4. dxe4 Nf6 5. Ngf3 Bg4 6. h3 Bxf3 7. Qxf3 Nbd7 8. g4 e6 9. g5 Ng8 10. h4 Qa5 11. c3 Ne7 12. Nc4 Qc7 13. Bf4 e5 14.
O-O-O Ng6 15. Bg3 b5 16. Bh3 O-O-O 17. Rxd7 Rxd7 18. Rd1 bxc4 19. Qxf7 Bd6 20. h5 Ne7 21.
Qxg7 Rd8 22. g6 hxg6 23. h6 Nf5 24. Qxg6 Nxg3 25. fxg3 Kb7 26. Bxd7 Rxd7 27. h7 Rxh7 28. Rxd6 Rg7 29. Qf6 Rxg3 30. Qxe5 Rg7 31. Qd4 Re7 32. e5 a6 33. e6 Kc8 34. a3 a5 35. Qh8+ Kb7 36. Qd4 Kc8 37. Kb1 a4 38. Qh8+ Kb7 39.
Qe5 c5 40. Qd5+ Kb8 41. Rd8+ Ka7 42. Qa8+ Kb6 43. Rb8+ Qb7 44. Rxb7+ Rxb7 45. Qxb7+ Ka5 46. e7 1/2-1/2

[Event "*** Titled Tuesday 3|2 Blitz"]
[Site "Chess.com"]
[Date "2015.08.04"]
[Round "2"]
[White "MattyDPerrine"]
[Black "darkknight123456"]
[Result "1-0"]
[WhiteElo "2246"]
[BlackElo "2077"]
[TimeControl "180+2"]
[EndTime "11:50:47 PDT"]
[Termination "MattyDPerrine won on time"]

1. d4 Nf6 2. c4 c5 3. Nf3 cxd4 4. Nxd4 Nc6 5. Nc3 g6 6. g3 Bg7 7. Bg2 O-O 8. O-O Qb6 9. Nb3 d6 10. Be3 Qd8 11. h3 Be6 12. Nd5 Nd7 13. Qd2 a5 14. Rac1 a4 15. Nd4 Nxd4 16. Bxd4 Ne5 17. Rfd1 Re8 18.
Bb6 Qd7 19. Kh2 Rac8 20. b3 axb3 21. axb3 Bxd5 22. Qxd5 Nc6 23. Qb5 Ra8 24. Be3 Ra6 25. Rc2 Rea8 26. c5 Ra5 27. Qc4 Ne5 28. Qe4 Qe6 29.
Qxb7 R5a7 30. Qd5 Qxd5 31. Bxd5 Rd8 32. cxd6 Rxd6 33. Bxa7 Ra6 34. Rc8+ Bf8 35. Be3 Ra2 36. Bh6 Nd7 37. Bc6 Rxe2 38. Rxd7 Rxf2+ 39. Kg1 1-0

[Event "*** Titled Tuesday 3|2 Blitz"]
[Site "Chess.com"]
[Date "2015.08.04"]
[Round "2"]
[White "Dlugy"]
[Black "mat_kolosowski"]
[Result "1-0"]
[WhiteElo "2550"]
[BlackElo "2491"]
[TimeControl "180+2"]
[EndTime "11:50:51 PDT"]
[Termination "Dlugy won by resignation"]

1. d4 Nf6 2. c4 g6 3. Nc3 d5 4.
cxd5 Nxd5 5. e4 Nxc3 6. bxc3 Bg7 7. Be3 c5 8. Qd2 Qa5 9. Rc1 cxd4 10. cxd4 Qxd2+ 11.
Bxd2 O-O 12. Nf3 Rd8 13. Be3 e6 14. Bb5 Nc6 15. Bxc6 bxc6 16. O-O Ba6 17. Rfd1 Bb5 18. Ne5 Rac8 19. f4 Bf8 20. Kf2 Ba3 21. Rc3 Bb4 22.
Rb3 c5 23. dxc5 Rxd1 24. Rxb4 Rf1+ 25. Kg3 Be8 26. Rb7 Re1 27. Kf2 Ra1 28. Rxa7 Rb8 29. Bd4 Rd1 30. Nf3 Bc6 31. Be5 Ra8 32. Rxa8+ Bxa8 33. Ke3 Rc1 34. Bd6 f6 35. g4 Rc3+ 36. Kf2 Bxe4 37.
Nd4 Ra3 38. Nxe6 Rxa2+ 39. Ke3 Bd5 40. Nc7 Bc6 41. f5 Kf7 42. Ne6 gxf5 43. Nd8+ Ke8 44. Nxc6 fxg4 45. Nb4 Rb2 46. c6 h5 47. Nd5 Kd8 48. c7+ Kd7 49. Ne7 Rc2 50. c8=Q+ Rxc8 51. Nxc8 h4 52. Ne7 g3 53. hxg3 hxg3 54. Nf5 Ke6 55.
Ke4 g2 56. Bc5 Kd7 57. Bg1 Ke6 58. Nd4+ Kd6 59. Kf5 Kd5 60. Ne2 Kc4 61. Nf4 Kc3 62.
Nxg2 Kd2 63. Ne3 Ke2 64. Nd5 Kf3 65. Nxf6 Kg2 66. Bd4 Kh1 67. Kf4 Kg2 68. Ng4 Kh1 69. Ne3 Kg1 70. Kg3 Kh1 71. Be5 Kg1 72. Kf3 Kh1 73. Ng4 Kg1 74. Nf2 Kf1 75. Bf4 Kg1 76. Be5 Kf1 77. Bh2 Ke1 78. Ne4 Kf1 79. Nd2+ Ke1 80. Ke3 Kd1 81. Kd3 Ke1 82. Bg3+ Kd1 83. Nc4 Kc1 84. Bf2 Kd1 85. Nb2+ Kc1 86. Kc3 Kb1 87. Kb3 Kc1 88. Be3+ Kb1 89. Nc4 1-0

[Event "*** Titled Tuesday 3|2 Blitz"]
[Site "Chess.com"]
[Date "2015.08.04"]
[Round "2"]
[White "Krutoy123"]
[Black "bugsbunny444"]
[Result "0-1"]
[WhiteElo "2119"]
[BlackElo "2312"]
[TimeControl "180+2"]
[EndTime "11:50:54 PDT"]
[Termination "bugsbunny444 won by resignation"]

1. b3 d5 2. Bb2 Nf6 3. e3 e6 4. f4 c5 5. Nf3 a6 6. Be2 Nc6 7. O-O Be7 8. d3 O-O 9. h3 b5 10. Nbd2 d4 11. e4 Nh5 12. Ne5 Nxe5 13. Bxh5 Nc6 14.
e5 Bb7 15. Bf3 Qb6 16. Be4 Nb4 17. f5 exf5 18. Rxf5 Bxe4 19. Nxe4 c4 20. Rf2 c3 21. Bc1 Qe6 22. Bf4 Nc6 23. Qg4 Qxg4 24. hxg4 Rae8 25. a4 b4 26. g5 Bd8 27. Nd6 Re6 28.
Nc4 Bc7 29. Re1 Rfe8 30. Re4 Nxe5 31. Rxd4 Nxc4 32. Bxc7 Re1+ 33. Kh2 Ne3 34. Rxb4 Rc1 35. Bg3 h5 36. gxh6 gxh6 37. Rh4 h5 38. Rff4 Ng4+ 39. Rhxg4+ hxg4 40. Rxg4+ Kh7 41. Rc4 Rxc2 42. Kh3 Re3 43. Kh4 Rxd3 44. Be5 Rxg2 45. Bxc3 Rc2 46. Bf6 Rxc4+ 47.
bxc4 Ra3 48. c5 0-1